 Dungeon Crawl Stone Soup version 0.19-a0-1732-g0b18a7b (webtiles) character file.

20374 Amnesiac the Grappler (level 12, -1/110 HPs)
             Began as a Troll Monk on Sept 30, 2016.
             Was a High Priest of Okawaru.
             Slain by a yak (10 damage)
             ... on level 2 of the Lair of Beasts.
             The game lasted 00:14:45 (8525 turns).

Amnesiac the Grappler (Troll Monk)                  Turns: 8525, Time: 00:14:46

Health: -1/110     AC:  5    Str: 22    XL:     12   Next: 44%
Magic:  21/23      EV: 19    Int:  6    God:    Okawaru [*****.]
Gold:   475        SH:  0    Dex: 16    Spells: 0 memorised, 11 levels left

rFire  . . .     SeeInvis .       - Unarmed
rCold  . . .     Gourm    +     a - +0 robe
rNeg   . . .     Faith    .     (no shield)
rPois  .         Spirit   .     (helmet restricted)
rElec  .         Dismiss  .     (no cloak)
rCorr  .         Reflect  .     (gloves unavailable)
MR     .....     Harm     .     (boots unavailable)
Stlth  +++.......               (no amulet)
                                (no ring)
                                s - ring of magical power

@: heroism, drained
A: unfitting armour, claws 3, fast metabolism 3, frail 1, gourmand, regeneration
1, shaggy fur 1, tough skin 2, subdued magic 1
a: Heroism, Finesse, Renounce Religion


You were on level 2 of the Lair of Beasts.
You worshipped Okawaru.
Okawaru was extremely pleased with you.
You were very full.

You visited 4 branches of the dungeon, and saw 15 of its levels.

You collected 716 gold pieces.
You spent 241 gold pieces at shops.

Inventory:

Missiles
 g - a throwing net (quivered)
 C - 9 tomahawks of dispersal
Armour
 a - a +0 robe (worn)
Jewellery
 s - a ring of magical power (left claw)
Wands
 r - a wand of flame (24/48)
 x - a wand of iceblast (2/15)
Scrolls
 f - a scroll of fear {unknown}
 m - 6 scrolls of teleportation
 o - a scroll of recharging
 q - 9 scrolls of remove curse
 u - a scroll of enchant weapon {unknown}
 v - a scroll of amnesia
 y - a scroll of fog {unknown}
 D - a scroll of enchant armour
Potions
 d - 3 potions of flight
 e - 2 potions of agility
 h - a potion of magic
 l - 2 potions of lignification
 p - a potion of curing
 z - a potion of haste
Comestibles
 b - 9 bread rations
 c - 3 fruits
 i - 4 meat rations
 j - 5 chunks of flesh
 k - a slice of pizza
 A - a royal jelly


   Skills:
 + Level 9.0(13.9) Fighting
 + Level 8.7(13.6) Dodging
 - Level 1.1(6.0) Stealth
 * Level 14.1(18.9) Unarmed Combat
 + Level 4.9(4.8) Invocations


You had 11 spell levels left.
You didn't know any spells.

Dungeon Overview and Level Annotations

Branches:
Dungeon (10/15)            Temple (1/1) D:7            Lair (2/6) D:8
    Orc (2/2) D:10            Elf (0/3) Orc:2
  Swamp: Lair:2-4    Shoals: Lair:2-4     Snake: Lair:2-4    Spider: Lair:2-4

Altars:
Ashenzari
Cheibriados
Dithmenos
Elyvilon
Fedhas
Gozag
Hepliaklqana
Kikubaaqudgha
Makhleb
Nemelex Xobeh
Okawaru
Qazlal
Ru
Sif Muna
Trog
Vehumet
Xom
Yredelemnul
Zin
The Shining One

Shops:
D:7 (   Orc:2 [?*(}

Portals:
Pandemonium: Orc:2


Innate Abilities, Weirdness & Mutations

You are too large for most types of armour.
You have claws for hands.
Your metabolism is lightning-fast.
You like to eat raw meat.
Your natural rate of healing is unusually fast.
You are covered in fur. (AC +1)
You have very tough skin. (AC +2)
You are frail. (-10% HP)
Your spells are a little easier to cast, but a little less powerful.


Message History

You scratch the yak but do no damage.
The yak is almost dead.
The yak gores you!! The yak gores you! x2
* * * LOW HITPOINT WARNING * * *
You are too injured to fight recklessly!
You are too injured to fight recklessly!
You are too injured to fight recklessly!
You are too injured to fight recklessly!
Unknown command.
You scratch the yak but do no damage.
The yak is almost dead.
The yak gores you!
* * * LOW HITPOINT WARNING * * *
Unknown command.
You gain the combat prowess of a mighty hero.
The yak gores you.
* * * LOW HITPOINT WARNING * * *
Unknown command.
The yak gores you!
You die...

#.....<..#.#
##........#
###......#.
######......#
#..##P.....##
##...........
###............
####.P>........... #
#@#..........#.#..
##.
#YY.........####..
##..###........##.# .
###....†.........P###
#..............####
#.............##
#...........###
#..........#.#
#........#####


You could see 2 yaks.

Vanquished Creatures
  7 orc high priests (Orc:2)
  A soul eater (Orc:2)
  Nergalle (Lair:1)
  A gelid demonspawn (Orc:2)
  4 orc knights (Orc:2)
  6 orc sorcerers (Orc:2)
  A smoke demon (Orc:2)
  2 spiny frogs (Lair:1)
  A komodo dragon (Lair:1)
  A troll (Orc:1)
  Grinder (D:3)
  A hippogriff (Lair:1)
  5 yaks
  A wyvern (D:10)
  Eustachio (D:6)
  2 wargs
  Menkaure (D:6)
  2 water moccasins (Lair:1)
  A porcupine (Lair:1)
  Edmund (D:6)
  2 hell hounds (D:8)
  Purgy (D:2)
  25 orc warriors
  A necrophage (D:10)
  A phantom (D:8)
  5 ogres
  4 centaurs
  4 crocodiles (Lair:1)
  Blork the orc (D:6)
  8 bullfrogs
  A wyvern skeleton (D:10)
  2 scorpions (D:4)
  A water moccasin skeleton (D:6)
  4 wights (D:7)
  4 howler monkeys
  6 crimson imps
  A centaur zombie (D:5)
  3 bullfrog zombies
  A jelly (D:5)
  4 hounds
  2 quasits
  22 orc priests
  A bullfrog skeleton (D:7)
  A centaur skeleton (D:7)
  5 iguanas
  8 orc wizards
  7 worker ants
  A hound skeleton (D:4)
  A howler monkey zombie (D:10)
  5 gnolls
  7 adders
  6 river rats (Lair:1)
  An ooze (D:1)
  An adder skeleton (D:5)
  2 dart slugs (D:1)
  5 leopard geckos
  50 orcs
  3 bats
  6 giant cockroaches
  4 hobgoblins
  8 jackals
  3 quokkas
  A frilled lizard (D:4)
  2 goblins
  3 kobolds
  A rat (D:2)
  A spectral orc (D:8)
277 creatures vanquished.

Notes
Turn   | Place    | Note
-------+----------+-------------------------------------------
     0 | D:1      | Amnesiac the Troll Monk began the quest for the Orb.
     0 | D:1      | Reached XP level 1. HP: 22/22 MP: 0/0
    42 | D:1      | Reached XP level 2. HP: 29/29 MP: 1/1
   169 | D:2      | Reached XP level 3. HP: 36/36 MP: 2/2
   320 | D:3      | Noticed Purgy
   414 | D:2      | Killed Purgy
   414 | D:2      | Reached skill level 4 in Unarmed Combat
   414 | D:2      | Reached XP level 4. HP: 19/45 MP: 3/3
   414 | D:2      | Reached XP level 5. HP: 23/53 MP: 4/4
   440 | D:3      | Noticed Grinder
   452 | D:3      | Killed Grinder
   452 | D:3      | Reached skill level 5 in Unarmed Combat
   452 | D:3      | Reached XP level 6. HP: 37/61 MP: 5/5
   511 | D:3      | Found a shimmering altar of Xom.
   541 | D:3      | Found a shadowy altar of Dithmenos.
   573 | D:3      | Found a hazy altar of Hepliaklqana.
   656 | D:4      | Found a sparkling altar of Nemelex Xobeh.
   812 | D:4      | Reached skill level 6 in Unarmed Combat
   812 | D:4      | Reached XP level 7. HP: 42/68 MP: 6/6
  1609 | D:5      | Entered Level 5 of the Dungeon
  1614 | D:5      | Found a bloodstained altar of Trog.
  1998 | D:5      | Reached skill level 7 in Unarmed Combat
  2134 | D:6      | Reached XP level 8. HP: 63/79 MP: 7/7
  2238 | D:6      | Noticed Eustachio
  2247 | D:6      | Killed Eustachio
  2317 | D:6      | Reached skill level 5 in Fighting
  2329 | D:6      | Noticed Menkaure
  2336 | D:6      | Killed Menkaure
  2336 | D:6      | Reached skill level 8 in Unarmed Combat
  2354 | D:6      | Reached skill level 5 in Dodging
  2384 | D:6      | Noticed Edmund
  2427 | D:6      | Killed Edmund
  2500 | D:6      | Noticed Blork the orc
  2510 | D:6      | Killed Blork the orc
  3205 | D:7      | Reached XP level 9. HP: 87/88 MP: 8/8
  3206 | D:7      | Reached skill level 9 in Unarmed Combat
  3410 | D:7      | Found a staircase to the Ecumenical Temple.
  3421 | Temple   | Entered the Ecumenical Temple
  3763 | Temple   | Became a worshipper of Warmaster Okawaru
  3763 | Temple   | Reached * piety under Okawaru
  3763 | Temple   | Reached ** piety under Okawaru
  3816 | D:7      | Found Reseint's Weapon Shop.
  3824 | D:7      | Bought a throwing net for 39 gold pieces
  4025 | D:8      | Found a staircase to the Lair.
  4385 | D:8      | Found a basalt altar of Yredelemnul.
  4503 | D:8      | Found a stormy altar of Qazlal.
  4503 | D:8      | Found an opulent altar of Gozag.
  4607 | D:8      | Reached skill level 10 in Unarmed Combat
  4796 | D:8      | Reached *** piety under Okawaru
  5005 | Lair:1   | Entered Level 1 of the Lair of Beasts
  5053 | Lair:1   | Noticed Nergalle
  5062 | Lair:1   | Killed Nergalle
  5062 | Lair:1   | Reached XP level 10. HP: 9/100 MP: 9/9
  5064 | Lair:1   | HP: 3/100 [bullfrog (4)]
  5102 | Lair:1   | Noticed a spiny frog
  5275 | Lair:1   | Killed a spiny frog
  5299 | Lair:1   | Reached **** piety under Okawaru
  5387 | Lair:1   | Reached skill level 11 in Unarmed Combat
  5565 | Lair:1   | Noticed a spiny frog
  5570 | Lair:1   | Killed a spiny frog
  5902 | D:10     | Entered Level 10 of the Dungeon
  5914 | D:10     | Found a staircase to the Orcish Mines.
  6246 | D:10     | Reached ***** piety under Okawaru
  6275 | Orc:1    | Entered Level 1 of the Orcish Mines
  6281 | Orc:1    | Reached skill level 12 in Unarmed Combat
  6326 | Orc:2    | Entered Level 2 of the Orcish Mines
  6541 | Orc:2    | Noticed an orc sorcerer
  6556 | Orc:2    | Killed an orc sorcerer
  6556 | Orc:2    | Received a gift from Okawaru
  6556 | Orc:2    | Reached XP level 11. HP: 76/110 MP: 10/10
  6624 | Orc:2    | Reached skill level 1 in Invocations
  6651 | Orc:2    | Found a staircase to the Elven Halls.
  6716 | Orc:2    | Found Ahiet's General Store.
  6716 | Orc:2    | Noticed a soul eater
  6863 | Orc:2    | Noticed an orc knight
  6886 | Orc:2    | Killed an orc knight
  6916 | Orc:2    | Killed a soul eater
  7070 | Orc:2    | Found Sidoutur's Magic Scroll Emporium.
  7212 | Orc:2    | Bought a scroll of enchant armour for 127 gold pieces
  7214 | Orc:2    | Bought a scroll of teleportation for 45 gold pieces
  7214 | Orc:2    | Bought a scroll of identify for 30 gold pieces
  7245 | Orc:2    | Gained mutation: You are frail. (-10% HP) [potion of mutation]
  7245 | Orc:2    | Gained mutation: Your spells are a little easier to cast, but a little less powerful. [potion of mutation]
  7274 | Orc:2    | Received a gift from Okawaru
  7674 | Orc:2    | Noticed an orc sorcerer
  7685 | Orc:2    | Killed an orc sorcerer
  7707 | Orc:2    | Found Ulux's Armour Shop.
  7886 | Orc:2    | Noticed an orc sorcerer
  7887 | Orc:2    | Noticed an orc high priest
  7890 | Orc:2    | Killed an orc sorcerer
  7896 | Orc:2    | Reached skill level 13 in Unarmed Combat
  7902 | Orc:2    | Killed an orc high priest
  7903 | Orc:2    | Noticed an orc knight
  7913 | Orc:2    | Killed an orc knight
  7924 | Orc:2    | Noticed an orc high priest
  7942 | Orc:2    | Killed an orc high priest
  7948 | Orc:2    | Noticed an orc knight
  7954 | Orc:2    | Noticed an orc high priest
  7967 | Orc:2    | Killed an orc high priest
  7985 | Orc:2    | Killed an orc knight
  7985 | Orc:2    | Reached XP level 12. HP: 43/109 MP: 14/14
  7988 | Orc:2    | Noticed an orc high priest
  8002 | Orc:2    | Killed an orc high priest
  8002 | Orc:2    | Received a gift from Okawaru
  8230 | Orc:2    | Noticed an orc high priest
  8236 | Orc:2    | Killed an orc high priest
  8288 | Orc:2    | Noticed an orc high priest
  8288 | Orc:2    | Noticed an orc high priest
  8295 | Orc:2    | Killed an orc high priest
  8302 | Orc:2    | Killed an orc high priest
  8306 | Orc:2    | Reached skill level 14 in Unarmed Combat
  8325 | Orc:2    | Found Girupuib's Gadget Boutique.
  8325 | Orc:2    | Found a one-way gate leading to the halls of Pandemonium.
  8325 | Orc:2    | Found Keuvicsa's Antique Weapon Shop.
  8525 | Lair:2   | Slain by a yak

Vault maps used:
D:1:      eino_arrival_water_star, roderic_bali_sauvastika, st_stairs_3,
          minmay_misc_feat_more_columns, minivault_4
D:3:      nicolae_overflow_crystal_walls, grunt_temple_overflow_open,
          uniq_purgy, uniq_grinder
D:4:      nemelex_xobeh_ov_fountains_minmay, minmay_misc_feat_rugged
D:5:      nicolae_overflow_hidden_temple, first_bread, roderic_serpentine_path
D:6:      uniq_edmund, uniq_blork_the_orc, uniq_eustachio, uniq_menkaure
D:7:      serial_shops, shop, kennysheep_generic_room_12
D:8:      yredelemnul_forgotten_temple_becter,
          gammafunk_temple_overflow_elements, minmay_lair_entry_lava,
          enter_ossuary_5
D:9:      lemuel_coloured_pillars_altar, blue_anna_alchemist
D:10:     orc_0_dummy
Temple:   minmay_temple_forest_path
Lair:1:   uniq_nergalle
Lair:2:   spider_nest_entry_a, nicolae_volcano_entry_batcave,
          beast_lair_carwin_7
Orc:1:    nicolae_orc_flooded_monolith, nicolae_orc_pool_cavern
Orc:2:    pf_orc_diabolical, serial_shops, shop

Skill      XL: |  1  2  3  4  5  6  7  8  9 10 11 12 |
---------------+-------------------------------------+-----
Fighting       | 3 4 5 6 7 8 9 |  9.0
Dodging        | 3 4 5 6 7 8 |  8.7
Unarmed Combat | 4 5 6 7 8 10 12 13 14 | 14.1
Invocations    | 4 |  4.9
Stealth        | |  1.1

Action                   |  1- 3 |  4- 6 |  7- 9 | 10-12 || total
-------------------------+-------+-------+-------+-------++-------
Melee: Unarmed           |    59 |    44 |   296 |   542 ||   941
       Punch             |     2 |     2 |    10 |    42 ||    56
Invok: Heroism           |       |       |     1 |    16 ||    17
Evoke: Wand              |       |       |       |     2 ||     2
  Use: Scroll            |       |     2 |       |     9 ||    11
       Potion            |       |       |       |     7 ||     7
 Stab: Sleeping          |     2 |       |     6 |     3 ||    11
       Distracted        |       |       |     2 |     1 ||     3
       Invisible         |       |       |       |     1 ||     1
  Eat: Chunk             |     7 |     6 |    39 |    31 ||    83
Armor: Robe              |    32 |    13 |    47 |    37 ||   129
       Skin              |       |       |       |     6 ||     6
Dodge: Dodged            |    43 |    25 |   181 |   250 ||   499
